 Dungeon Crawl Stone Soup version 0.25-a0-42-g6c54e25894 (webtiles) character file.

Game seed: 565642160321613229, levelgen mode: deterministic

2904 Chiseanne the Skirmisher (level 9, 0/72 HPs)
             Began as a Demonspawn Wanderer on Oct 22, 2019.
             Was an Initiate of Gozag.
             Slain by a wight
             ... wielding a cursed +0 dire flail
              (2 damage)
             ... on level 7 of the Dungeon.
             The game lasted 00:12:00 (7597 turns).

Chiseanne the Skirmisher (Demonspawn Wanderer)      Turns: 7597, Time: 00:12:01

Health: 0/72       AC:  6    Str: 20    XL:     9   Next: 49%
Magic:  10/10      EV:  8    Int: 11    God:    Gozag
Gold:   436        SH: 12    Dex: 20    Spells: 10/10 levels left

rFire    + . .     SeeInvis .   a - +11 mace of the Hawk {freeze, rF+ rC+}
rCold    + . .     Gourm    .   d - +1 shield
rNeg     . . .     Faith    .   h - +0 ring mail
rPois    .         Spirit   .   (no helmet)
rElec    .         Reflect  .   (no cloak)
rCorr    .         Harm     .   (no gloves)
MR       .....                  (no boots)
Stlth    +.........             (no amulet)
HPRegen  0.22/turn              n - +3 ring of dexterity
MPRegen  0.12/turn              A - +4 ring of strength

@: heavily drained
A: hooves 1, thin skeletal structure 1, spiny 1
a: Potion Petition, Call Merchant, Bribe Branch, Renounce Religion


You were on level 7 of the Dungeon.
You worshipped Gozag.
Gozag was aware of your devotion.
You were not hungry.

You visited 2 branches of the dungeon, and saw 8 of its levels.

You collected 550 gold pieces.
You paid 114 gold pieces to Gozag.

Inventory:

Hand Weapons
 a - the +11 mace of the Hawk (weapon) {freeze, rF+ rC+}
   (You found it on level 5 of the Dungeon)

   It has been specially enchanted to freeze those struck by it, causing extra
   injury to most foes and up to half again as much damage against particularly
   susceptible opponents.
   It can also slow down cold-blooded creatures.
   It protects you from fire.
   It protects you from cold.
 b - a +0 hunting sling
Missiles
 c - 128 stones
 g - 66 sling bullets
 j - 12 poisoned darts
 o - 3 javelins (quivered)
 v - 2 throwing nets
Armour
 d - a +1 shield (worn)
 h - a +0 ring mail (worn)
Jewellery
 e - an uncursed ring of resist corrosion
 n - a +3 ring of dexterity (left hand)
 A - a +4 ring of strength (right hand)
Scrolls
 k - a scroll of enchant weapon {unknown}
 l - a scroll of identify
 p - 4 scrolls of remove curse
 t - a scroll of amnesia
 y - 4 scrolls of teleportation
Potions
 i - a potion of resistance
 m - 3 potions of agility
 q - 2 potions of haste
 r - 3 potions of curing
 s - a potion of lignification {unknown}
 u - 2 potions of brilliance {unknown}
 x - 2 potions of mutation {unknown}
 B - a potion of might {unknown}
Comestibles
 f - 8 rations


   Skills:
 * Level 7.5(5.9) Fighting
 * Level 6.8(5.2) Armour
 * Level 7.1(5.5) Shields
 - Level 1.0(0.0) Spellcasting
   Level 2.0(0.6) Conjurations
   Level 1.0(0.0) Fire Magic
   Level 2.6(1.2) Earth Magic
   Level 1.0(0.0) Poison Magic
   Level 1.0(0.0) Evocations


You had 10 spell levels left.
You didn't know any spells.
Your spell library contained the following spells:

 Spells                   Type           Power        Failure   Level  Hunger
 Flame Tongue             Conj/Fire      #....        87%         1    ##.....
 Inner Flame              Hex/Fire       #.......     99%         3    ####...


Dungeon Overview and Level Annotations

Branches:
Dungeon (7/15)             Temple (1/1) D:6

Altars:
Ashenzari
Cheibriados
Dithmenos
Elyvilon
Fedhas
Gozag
Kikubaaqudgha
Makhleb
Nemelex Xobeh
Okawaru
Qazlal
Ru
Sif Muna
Trog
Uskayaw
Vehumet
Wu Jian
Xom
Yredelemnul
Zin
The Shining One


Innate Abilities, Weirdness & Mutations

You have large cloven feet.
You have a somewhat thin skeletal structure. (Dex +2, Stealth)
You are partially covered in sharp spines.


Message History

You block the gnoll's attack. You block the wight's attack.
The wight hits you but does no damage. The gnoll barely misses you.
The wight closely misses you. You block the gnoll's attack.
The wight hits you but does no damage.
You closely miss the wight. You kick the wight, but do no damage.
The wight is moderately damaged.
You block the gnoll's attack.
The wight hits you from afar with a cursed +3 trident.
You feel drained. The gnoll barely misses you.
The wight hits you with a cursed +0 dire flail!
* * * LOW HITPOINT WARNING * * *
You block the gnoll's attack.
The wight hits you from afar with a +4 spear.
* * * LOW HITPOINT WARNING * * *
The wight hits you but does no damage. The gnoll barely misses you.
The wight hits you with a cursed +0 dire flail!
* * * LOW HITPOINT WARNING * * *
You feel drained.
You die...
Your body crumbles into a pile of gold.

...# #####...[........# ####
###########'## #.# ..#
#.##### #..# #..
#.########.....######.####.##
.............................
#.................###..###.##
#.#...####........# ##.###.#
$ #.#.#.# #.####...####..##.#
#..........#
#.@.##.......##+###
....########
#.z.##.##.###...... #####
#.gz##.##..##......
######gz....###.##......
#......#....# #..#......
#.....z#....# #.#......
#......+....# #........
#......#....# ##.......
####+#$$....# #..#+###


You could see 4 wights and 2 gnolls.

Vanquished Creatures
  Harold (D:7)
  Menkaure (D:4)
  An ice beast (D:6)
  An orc warrior (D:6)
  A sky beast (D:6)
  5 ogres
  A phantom (D:4)
  3 centaurs
  2 bullfrogs (D:6)
  A howler monkey (D:5)
  A centaur zombie (D:5)
  2 crimson imps
  4 orc priests
  A gnoll shaman (D:7)
  3 orc wizards
  2 iguanas
  8 worker ants
  A hound skeleton (D:4)
  A worker ant zombie (D:5)
  11 gnolls
  11 adders
  2 shadow imps
  An adder skeleton (D:4)
  5 worms
  2 dart slugs
  3 leopard geckos
  11 orcs
  2 ball pythons
  16 giant cockroaches
  12 goblins
  3 hobgoblins
  5 jackals
  6 kobolds
  3 quokkas
  4 bats
  6 frilled lizards
  2 gnoll zombies (D:3)
  A leopard gecko skeleton (D:6)
  8 rats
154 creatures vanquished.

Notes
Turn   | Place    | Note
-------+----------+-------------------------------------------
     0 | D:1      | Chiseanne the Demonspawn Wanderer began the quest for the
                  | Orb.
     0 | D:1      | Chiseanne set off with the following items: a +0 dagger, a
                  | +0 robe, a +0 shield, a ration; and the following spell
                  | memorised: Flame Tongue; and the following spells available
                  | to memorise: Inner Flame
     0 | D:1      | Reached XP level 1. HP: 13/13 MP: 2/2
     7 | D:1      | Noticed a hog
     7 | D:1      | Noticed a killer bee
     7 | D:1      | Noticed a polar bear
     7 | D:1      | Noticed a five-headed hydra
   474 | D:1      | Gained mutation: You have a somewhat thin skeletal
                  | structure. (Dex +2, Stealth) [demonic ancestry]
   474 | D:1      | Reached XP level 2. HP: 20/20 MP: 3/3
   748 | D:1      | Reached skill level 1 in Fighting
   858 | D:1      | Reached skill level 1 in Armour
  1292 | D:2      | Gained mutation: You are partially covered in sharp spines.
                  | [demonic ancestry]
  1292 | D:2      | Reached XP level 3. HP: 8/26 MP: 4/4
  1551 | D:2      | Reached XP level 4. HP: 29/33 MP: 5/5
  1886 | D:2      | Reached XP level 5. HP: 4/39 MP: 6/6
  1888 | D:2      | HP: 1/39 [goblin/+2 dagger of flaming (1)]
  2894 | D:3      | Found a basalt altar of Yredelemnul.
  2986 | D:3      | Found a faded altar of an unknown god.
  3347 | D:4      | Reached XP level 6. HP: 47/47 MP: 7/7
  3707 | D:4      | Reached XP level 7. HP: 29/54 MP: 8/8
  4042 | D:4      | Noticed Menkaure
  4049 | D:4      | HP: 2/54 [Menkaure (9)]
  4053 | D:4      | Killed Menkaure
  4585 | D:5      | Entered Level 5 of the Dungeon
  4673 | D:5      | Reached skill level 5 in Fighting
  4834 | D:5      | Reached XP level 8. HP: 49/62 MP: 9/9
  4861 | D:5      | Reached skill level 5 in Shields
  5125 | D:5      | Reached skill level 5 in Armour
  5410 | D:5      | Got a crystal mace
  5751 | D:5      | Identified the +11 mace of the Hawk {freeze, rF+ rC+} (You
                  | found it on level 5 of the Dungeon)
  5951 | D:6      | Found a staircase to the Ecumenical Temple.
  6008 | Temple   | Entered the Ecumenical Temple
  6079 | Temple   | Became a worshipper of Gozag Ym Sagoz the Greedy
  6156 | D:6      | Gained mutation: You have large cloven feet. [demonic
                  | ancestry]
  6156 | D:6      | Reached XP level 9. HP: 49/71 MP: 10/10
  7294 | D:7      | Noticed Harold
  7314 | D:7      | Killed Harold
  7597 | D:7      | HP: 2/72 [wight/cursed +0 dire flail (12)]
  7597 | D:7      | Slain by a wight

Levels and vault maps discovered:
D:1:      onia_arrival_zoo_common, layout_basic
D:2:      minmay_roachtagon, layout_rooms
D:3:      layout_basic, lemuel_zombie_altar_yredelemnul, first_ration,
          chequers_ecumenical_altar_island
D:4:      layout_loops_cross, uniq_menkaure
D:5:      layout_basic
D:6:      layout_layer_cave, minmay_temple_entry_large_hall,
          gup_sewer_entry_bubbles
D:7:      layout_basic, grunt_livestock, uniq_harold
Temple:   dpeg_three_leaves_temple

Skill      XL: |  1  2  3  4  5  6  7  8  9 |
---------------+----------------------------+-----
Fighting       | 1 2 3 4 5 6 7 |  7.5
Armour         | 1 2 3 4 6 |  6.8
Shields        | 2 3 4 6 7 |  7.1
Spellcasting   | |  1.0
Conjurations   | |  2.0
Fire Magic     | |  1.0
Earth Magic    | |  2.6
Poison Magic   | |  1.0
Evocations     | |  1.0

Action                   |  1- 3 |  4- 6 |  7- 9 || total
-------------------------+-------+-------+-------++-------
Melee: Dagger            |    71 |     3 |       ||    74
       Short sword       |    47 |    30 |       ||    77
       Mace              |       |    92 |   170 ||   262
       Kick              |       |       |    15 ||    15
Throw: Javelin           |       |     1 |     6 ||     7
Evoke: Wand              |     2 |     5 |     5 ||    12
  Use: Scroll            |       |    10 |     3 ||    13
       Potion            |       |     1 |     2 ||     3
 Stab: Sleeping          |       |     2 |     3 ||     5
  Eat: Chunk             |     2 |     7 |     8 ||    17
       Ration            |       |       |     2 ||     2
Armor: Ring mail         |    43 |    43 |    30 ||   116
Dodge: Dodged            |    42 |    40 |    51 ||   133
Block: Shield            |    48 |    70 |   136 ||   254

Table legend:
 A = Non-vault XP
 B = Vault XP
 C = Vault XP percentage of total XP
 D = Non-vault monster count
 E = Vault monster count
 F = Vault count percentage of total count
                 A         B        C        D         E       F
            +---------+---------+-------+---------+---------+-------
      Total |    2922 |    1227 |  29.6 |     134 |      20 |  13.0
            +---------+---------+-------+---------+---------+-------
        D:1 |      38 |       0 |   0.0 |      21 |       0 |   0.0
        D:2 |     214 |      20 |   8.5 |      24 |      10 |  29.4
        D:3 |      87 |       2 |   2.2 |      15 |       2 |  11.8
        D:4 |     640 |     169 |  20.9 |      21 |       1 |   4.5
        D:5 |     894 |       0 |   0.0 |      25 |       0 |   0.0
        D:6 |     949 |      29 |   3.0 |      24 |       6 |  20.0
        D:7 |     100 |    1007 |  91.0 |       4 |       1 |  20.0
            +---------+---------+-------+---------+---------+-------
